Sharks vs Flyers
Created - October 18, 2017 at 23:05
Goals
|
| Sharks |
1 |
1 |
0 |
2 |
| Flyers |
5 |
3 |
0 |
8 |
|
Shots
|
| Sharks |
7 |
18 |
2 |
27 |
| Flyers |
14 |
8 |
1 |
23 |
|
1st period
1. Flyers , Dany Heatley 2 (Victor Bartley 1, Kyle Wellwood 3) at 5:11
2. Flyers , Chris Kreider 1 (Jakub Voracek 4, Jeff Carter 4) at 7:09
3. Flyers , Rostislav Olesz 1 (Matthew Lombardi 1, Matt Smaby 3) at 11:50
4. Flyers , Jeff Carter 5 (Jakub Voracek 5, Chris Kreider 1) at 16:35
5. Flyers , Kyle Wellwood 2 (Jeff Woywitka 3, Dany Heatley 2) at 16:45
6. Sharks , Chris Campoli 1 (Antoine Vermette 1, Cal Clutterbuck 2) at 17:45 (PP)
Penalties :
Cal Clutterbuck (SJS) for Hooking (Minor) at 7:36, Dany Heatley (Phi) for Fighting (Major) at 16:48, Derek Boogaard (SJS) for Fighting (Major) at 16:48, Kyle Wellwood (Phi) for Cross-checking (Minor) at 17:10
2nd period
7. Sharks , Kevin Shattenkirk 1 (T.J. Hensick 1, Mike Green 1) at 2:24
8. Flyers , Matthew Lombardi 1 (Jonathan Ericsson 2, Rostislav Olesz 2) at 15:30
9. Flyers , Jakub Voracek 2 (Jonathan Ericsson 3) at 15:38
10. Flyers , Jeff Carter 6 (Jakub Voracek 6) at 19:46
Penalties :
Brad Boyes (SJS) for Slashing (Minor) at 0:22, Jeff Carter (Phi) for Tripping (Minor) at 9:57
3rd period
No Goal
Penalties :
Jonathan Ericsson (Phi) for Fighting (Major) at 0:11, Mike Green (SJS) for Fighting (Major) at 0:11, Jonathan Ericsson (Phi) for instigated a fight (Minor) at 0:11, Jonathan Ericsson (Phi) for instigated a fight (10 Minutes Misconduct) at 0:11, Derek Boogaard (SJS) for Holding (Minor) at 1:08, Brad Boyes (SJS) for Interference (Minor) at 8:34, Stephane Robidas (Phi) for Tripping (Minor) at 12:02, Mark Streit (SJS) for Tripping (Minor) at 17:46
Goalie Stats
Frederik Andersen (SJS), 5 saves from 9 shots - (0.556), 23:11 minutes
Brent Krahn (SJS), 10 saves from 14 shots - (0.714), L, 0-1-0, 36:49 minutes
Steve Mason (Phi), 25 saves from 27 shots - (0.926), W, 1-0-0, 60:00 minutes
Players Stats for Sharks
Player Name G A P +/- PIM S H SB GA TA FO MP PP MP PK MP
------------------------------------------------------------------------------------
Andrej Sekera 0 0 0 -1 0 0 0 3 0 1 0/0 12:38 0:37 0:00
Antoine Vermette 0 1 1 -1 0 2 1 1 0 0 3/6 13:57 2:18 0:15
Boris Valabik 0 0 0 -3 0 2 1 0 1 0 0/0 21:19 2:11 3:12
Brad Boyes 0 0 0 -3 4 4 1 0 2 0 2/4 19:28 2:58 0:00
Cal Clutterbuck 0 1 1 -1 2 1 1 0 0 0 1/1 14:12 2:18 0:00
Chris Campoli 1 0 1 -3 0 1 0 0 0 1 0/0 21:04 2:11 3:12
David Legwand 0 0 0 -4 0 2 4 0 0 0 14/29 19:15 2:49 0:00
Derek Boogaard 0 0 0 -4 7 3 1 0 0 1 0/1 17:22 2:22 0:43
Erik Cole 0 0 0 -2 0 0 1 0 0 1 0/0 14:15 0:00 4:53
Greg Campbell 0 0 0 -1 0 2 2 0 0 0 2/7 16:12 0:49 2:52
Kevin Shattenkirk 1 0 1 -3 0 3 3 1 0 2 0/0 27:46 3:19 5:41
Mark Streit 0 0 0 -1 2 0 0 0 1 1 0/0 12:23 0:00 0:52
Mike Green 0 1 1 -3 5 1 2 1 1 1 0/0 25:02 2:42 4:49
Nick Palmieri 0 0 0 0 0 0 0 0 0 0 0/1 11:12 0:14 2:50
Oskar Osala 0 0 0 -1 0 2 1 0 0 0 0/1 8:15 0:00 1:25
Patrick O'Sullivan 0 0 0 -2 0 0 0 0 0 0 0/0 10:03 0:00 0:00
Ryane Clowe 0 0 0 -1 0 3 0 0 0 0 0/0 13:24 2:18 0:00
T.J. Hensick 0 1 1 -1 0 1 2 0 0 0 4/9 12:20 0:23 4:57
Players Stats for Flyers
Player Name G A P +/- PIM S H SB GA TA FO MP PP MP PK MP
------------------------------------------------------------------------------------
Alex Killorn 0 0 0 -1 0 0 3 1 1 0 0/1 8:14 0:00 0:00
Alexei Morozov 0 0 0 -1 0 1 1 0 0 1 0/0 10:55 0:37 0:47
Cam Fowler 0 0 0 3 0 1 0 2 1 1 0/0 22:10 2:11 3:40
Chris Kreider 1 1 2 4 0 2 2 0 1 0 2/2 21:24 4:51 0:56
Dany Heatley 1 1 2 2 5 1 1 0 1 0 2/3 16:57 3:06 0:00
Jakub Voracek 1 3 4 4 0 4 0 0 1 0 1/1 20:17 5:04 0:11
Jeff Carter 2 1 3 4 2 3 5 2 1 0 9/23 21:37 4:57 0:05
Jeff Woywitka 0 1 1 0 0 1 0 1 0 1 0/0 9:20 1:11 0:35
Jonathan Ericsson 0 2 2 4 17 0 3 2 0 0 0/0 22:20 4:20 1:07
Kyle Wellwood 1 1 2 2 2 2 4 0 0 0 12/17 20:21 3:49 1:20
Marcus Kruger 0 0 0 -1 0 1 3 0 0 1 1/3 11:01 0:12 1:02
Matt Smaby 0 1 1 4 0 0 2 1 0 0 0/0 26:08 4:36 2:50
Matthew Lombardi 1 1 2 2 0 1 1 0 0 0 4/6 10:02 0:00 3:14
Rostislav Olesz 1 1 2 2 0 2 3 0 0 0 2/2 10:57 0:51 3:14
Stefan Ruzicka 0 0 0 2 0 0 0 0 0 0 0/0 6:48 0:00 0:00
Stephane Robidas 0 0 0 1 2 1 3 0 0 0 0/0 20:03 3:50 0:52
Victor Bartley 0 1 1 2 0 1 0 0 0 0 0/0 14:43 1:01 0:47
Wayne Simmonds 0 0 0 2 0 2 3 0 2 1 0/1 20:06 3:49 1:20
3 Stars
1 - Jeff Carter (Phi)
2 - Jakub Voracek (Phi)
3 - Chris Kreider (Phi)
Power Play
Sharks - 1 on 4 Attempt(s) - 25.00%
Flyers - 0 on 5 Attempt(s) - 0.00%
Penalty Kill
Sharks - 5 on 5 Attempt(s) - 100.00%
- Score 0 goal in Penalty Kill
Flyers - 3 on 4 Attempt(s) - 75.00%
- Score 0 goal in Penalty Kill
Team Stat
Sharks - Hits : 20 - Faceoff Wins : 26 - Blocked Shots : 6 - Penalty Minutes : 20
Flyers - Hits : 34 - Faceoff Wins : 33 - Blocked Shots : 9 - Penalty Minutes : 28
Official
Referees : McCreary Bill and Lee Chris
Linesman : Brad Kovachik and Tim Nowak
Game Notes
Frederik Andersen enters game at 16:35 of 1st period
Dany Heatley beats up Derek Boogaard at 16:48 of 1st period
Jeff Woywitka is injured at 2:53 of 2nd period (Left Forearm)
Brent Krahn enters game at 19:46 of 2nd period
Jonathan Ericsson beats up Mike Green at 0:11 of 3rd period
Finance
Level 1 -- Attendance: 5305 (88.42%) -- Ticket Income $477,450
Level 2 -- Attendance: 4528 (90.56%) -- Ticket Income $249,040
Level 3 -- Attendance: 1918 (95.90%) -- Ticket Income $67,130
Level 4 -- Attendance: 4000 (100.00%) -- Ticket Income $100,000
Luxury Box -- Attendance: 939 (93.90%) -- Ticket Income $154,935
Game was played at the Wells Fargo Center.
Total Attendance: 16690 (92.72%)
Total Ticket Income: $1,048,555
Other Income: $157,283
Total Income: $1,205,838
Sharks
5 vs 5 Forward
Center Left Wing Right Wing Time % Phy DF OF
1 David Legwand Derek Boogaard Brad Boyes 40 1 2 2
2 Antoine Vermette Ryane Clowe Cal Clutterbuck 30 1 2 2
3 Greg Campbell Erik Cole Patrick O'Sullivan 20 1 2 2
4 T.J. Hensick Oskar Osala Nick Palmieri 10 1 2 2
5 vs 5 Defense
Defense Defense Time % Phy DF OF
1 Mike Green Kevin Shattenkirk 40 1 2 2
2 Boris Valabik Chris Campoli 30 1 2 2
3 Andrej Sekera Mark Streit 20 1 2 2
4 Mike Green Kevin Shattenkirk 10 1 2 2
PowerPlay Forward
Center Left Wing Right Wing Time % Phy DF OF
1 David Legwand Derek Boogaard Brad Boyes 60 1 2 2
2 Antoine Vermette Ryane Clowe Cal Clutterbuck 40 1 2 2
PowerPlay Defense
Defense Defense Time % Phy DF OF
1 Mike Green Kevin Shattenkirk 60 1 2 2
2 Boris Valabik Chris Campoli 40 1 2 2
Penalty Kill 4 Players Forward
Center Wing Time % Phy DF OF
1 T.J. Hensick Erik Cole 60 1 2 2
2 Greg Campbell Nick Palmieri 40 1 2 2
Penalty Kill 4 Players Defense
Defense Defense Time % Phy DF OF
1 Mike Green Kevin Shattenkirk 60 1 2 2
2 Boris Valabik Chris Campoli 40 1 2 2
Penalty Kill - 3 Players Forward
Forward Time % Phy DF OF
1 Erik Cole 60 1 2 2
2 Greg Campbell 40 1 2 2
Penalty Kill - 3 Players Defense
Defense Defense Time % Phy DF OF
1 Mike Green Kevin Shattenkirk 60 1 2 2
2 Boris Valabik Chris Campoli 40 1 2 2
4 vs 4 Forward
Center Wing Time % Phy DF OF
1 Brad Boyes David Legwand 60 1 2 2
2 Derek Boogaard Antoine Vermette 40 1 2 2
4 vs 4 Defense
Defense Defense Time % Phy DF OF
1 Mike Green Kevin Shattenkirk 60 1 2 2
2 Boris Valabik Chris Campoli 40 1 2 2
Last Minutes Offensive
Center Left Wing Right Wing Defense Defense
David Legwand Derek Boogaard Brad Boyes Mike Green Kevin Shattenkirk
Last Minutes Defensive
Center Left Wing Right Wing Defense Defense
David Legwand Derek Boogaard Brad Boyes Mike Green Kevin Shattenkirk
Goaltenders
Starting : Brent Krahn
Backup : Frederik Andersen
Extra Forwards
Normal : Greg Campbell, Patrick O'Sullivan, T.J. Hensick - PP : Greg Campbell, T.J. Hensick - PK : Oskar Osala
Extra Defensemen
Normal : Andrej Sekera, Mark Streit, Boris Valabik - PP : Andrej Sekera - PK : Mark Streit, Boris Valabik
Penalty Shots
Brad Boyes, David Legwand, Derek Boogaard, Antoine Vermette, Ryane Clowe
Scratches
Jordan LaVallee (Healthy), Martin Erat (Healthy), Damien Brunner (Healthy), Carl Gunnarsson (Healthy), Justin Pogge (Healthy)
Flyers
5 vs 5 Forward
Center Left Wing Right Wing Time % Phy DF OF
1 Jeff Carter Chris Kreider Jakub Voracek 40 1 0 4
2 Kyle Wellwood Dany Heatley Wayne Simmonds 40 1 0 4
3 Marcus Kruger Alex Killorn Alexei Morozov 15 0 2 3
4 Matthew Lombardi Rostislav Olesz Stefan Ruzicka 5 0 4 1
5 vs 5 Defense
Defense Defense Time % Phy DF OF
1 Jonathan Ericsson Matt Smaby 40 0 3 2
2 Jeff Woywitka Cam Fowler 40 0 3 2
3 Stephane Robidas Victor Bartley 15 0 4 1
4 Jonathan Ericsson Jeff Woywitka 5 0 2 3
PowerPlay Forward
Center Left Wing Right Wing Time % Phy DF OF
1 Jeff Carter Chris Kreider Jakub Voracek 60 0 0 5
2 Kyle Wellwood Dany Heatley Wayne Simmonds 40 0 0 5
PowerPlay Defense
Defense Defense Time % Phy DF OF
1 Jonathan Ericsson Matt Smaby 60 0 2 3
2 Jeff Woywitka Stephane Robidas 40 0 2 3
Penalty Kill 4 Players Forward
Center Wing Time % Phy DF OF
1 Matthew Lombardi Rostislav Olesz 60 0 5 0
2 Kyle Wellwood Wayne Simmonds 40 0 4 1
Penalty Kill 4 Players Defense
Defense Defense Time % Phy DF OF
1 Jeff Woywitka Cam Fowler 60 0 5 0
2 Matt Smaby Jonathan Ericsson 40 0 5 0
Penalty Kill - 3 Players Forward
Forward Time % Phy DF OF
1 Matthew Lombardi 60 0 5 0
2 Kyle Wellwood 40 0 5 0
Penalty Kill - 3 Players Defense
Defense Defense Time % Phy DF OF
1 Cam Fowler Jeff Woywitka 60 0 5 0
2 Jonathan Ericsson Matt Smaby 40 0 5 0
4 vs 4 Forward
Center Wing Time % Phy DF OF
1 Jeff Carter Chris Kreider 60 1 2 2
2 Kyle Wellwood Dany Heatley 40 0 2 3
4 vs 4 Defense
Defense Defense Time % Phy DF OF
1 Matt Smaby Jonathan Ericsson 60 0 3 2
2 Jeff Woywitka Cam Fowler 40 0 3 2
Last Minutes Offensive
Center Left Wing Right Wing Defense Defense
Jeff Carter Dany Heatley Alexei Morozov Jeff Woywitka Jonathan Ericsson
Last Minutes Defensive
Center Left Wing Right Wing Defense Defense
Matthew Lombardi Chris Kreider Wayne Simmonds Jeff Woywitka Jonathan Ericsson
Goaltenders
Starting : Steve Mason
Backup : Cory Schneider
Extra Forwards
Normal : Jeff Carter, Wayne Simmonds, Jakub Voracek - PP : Jeff Carter, Kyle Wellwood - PK : Matthew Lombardi
Extra Defensemen
Normal : Jonathan Ericsson, Jeff Woywitka, Matt Smaby - PP : Jeff Woywitka - PK : Jeff Woywitka, Jonathan Ericsson
Penalty Shots
Jeff Carter, Kyle Wellwood, Dany Heatley, Alexei Morozov, Chris Kreider
Scratches
Jeff Woywitka (Left Forearm Injury), Nathan Paetsch (Healthy)
% Time on Ice - Sharks
Lines # - Real PCT - Wanted PCT - Time Play
Normal Forward
1 - 36% - 40% - 16:06
2 - 28% - 30% - 12:31
3 - 21% - 20% - 9:22
4 - 15% - 10% - 6:36
Normal Defense
1 - 38% - 40% - 17:03
2 - 33% - 30% - 14:53
3 - 25% - 20% - 11:02
4 - 4% - 10% - 1:37
PP Forward
1 - 58% - 60% - 3:12
2 - 42% - 40% - 2:18
PP Defense
1 - 60% - 60% - 3:19
2 - 40% - 40% - 2:11
PK Forward
1 - 68% - 60% - 6:01
2 - 32% - 40% - 2:52
PK Defense
1 - 64% - 60% - 5:41
2 - 36% - 40% - 3:12
PK3 Forward
1 - 0% - 60%
2 - 0% - 40%
PK3 Defense
1 - 0% - 60%
2 - 0% - 40%
44 Forward
1 - 71% - 60% - 0:44
2 - 29% - 40% - 0:18
44 Defense
1 - 42% - 60% - 0:26
2 - 58% - 40% - 0:36
Last Minute Offensive - 0:00
Last Minute Defensive - 0:00
Total
Forward - 60:00
Defense - 60:00
|
% Time on Ice - Flyers
Lines # - Real PCT - Wanted PCT - Time Play
Normal Forward
1 - 33% - 40% - 14:39
2 - 33% - 40% - 14:54
3 - 18% - 15% - 8:14
4 - 15% - 5% - 6:48
Normal Defense
1 - 28% - 40% - 12:37
2 - 33% - 40% - 14:49
3 - 21% - 15% - 9:26
4 - 17% - 5% - 7:43
PP Forward
1 - 57% - 60% - 5:04
2 - 43% - 40% - 3:49
PP Defense
1 - 54% - 60% - 4:48
2 - 46% - 40% - 4:05
PK Forward
1 - 76% - 60% - 4:10
2 - 24% - 40% - 1:20
PK Defense
1 - 100% - 60% - 5:30
2 - 0% - 40% - 0:00
PK3 Forward
1 - 0% - 60%
2 - 0% - 40%
PK3 Defense
1 - 0% - 60%
2 - 0% - 40%
44 Forward
1 - 69% - 60% - 0:43
2 - 31% - 40% - 0:19
44 Defense
1 - 100% - 60% - 1:02
2 - 0% - 40% - 0:00
Last Minute Offensive - 0:00
Last Minute Defensive - 0:00
Total
Forward - 60:00
Defense - 60:00
|
Play by Play
1st period
0:01 of 1st period - David Legwand wins face-off versus Jeff Carter in neutral zone.
0:26 of 1st period - Mike Green is hit by Kyle Wellwood and loses puck.
0:44 of 1st period - Off-side.
0:45 of 1st period - Marcus Kruger wins face-off versus Greg Campbell in neutral zone.
0:48 of 1st period - Greg Campbell is hit by Alexei Morozov and loses puck.
0:59 of 1st period - Snap shot by Marcus Kruger.
0:59 of 1st period - Shot Misses the Net.
1:27 of 1st period - Wrist shot by Greg Campbell.
1:27 of 1st period - Deflect By Alexei Morozov.
1:27 of 1st period - Shot Blocked by Alex Killorn.
1:27 of 1st period - Puck is out of play.
1:28 of 1st period - Kyle Wellwood wins face-off versus Brad Boyes in Flyers zone.
1:53 of 1st period - Chris Campoli is hit by Jeff Carter and loses puck.
2:14 of 1st period - Snap shot by Kevin Shattenkirk.
2:14 of 1st period - Stopped by Steve Mason without a rebound.
2:15 of 1st period - Matthew Lombardi wins face-off versus Nick Palmieri in Flyers zone.
3:13 of 1st period - Wrist shot by Ryane Clowe.
3:13 of 1st period - Stopped by Steve Mason with a rebound.
3:15 of 1st period - Slapshot by Antoine Vermette.
3:15 of 1st period - Stopped by Steve Mason without a rebound.
3:16 of 1st period - Cal Clutterbuck wins face-off versus Jeff Carter in Flyers zone.
3:43 of 1st period - Victor Bartley is hit by David Legwand and loses puck.
5:07 of 1st period - Snap shot by Kyle Wellwood.
5:07 of 1st period - Shot Misses the Net.
5:09 of 1st period - Wrist shot by Victor Bartley.
5:09 of 1st period - Shot Blocked by Mike Green.
5:11 of 1st period - Wrist shot by Dany Heatley.
5:11 of 1st period - Goal by Dany Heatley - Sharks : 0 - Flyers : 1.
5:12 of 1st period - Kyle Wellwood wins face-off versus David Legwand in neutral zone.
5:25 of 1st period - Kyle Wellwood is hit by Kevin Shattenkirk and loses puck.
5:35 of 1st period - Icing by Cam Fowler.
5:36 of 1st period - Jakub Voracek wins face-off versus Antoine Vermette in Flyers zone.
5:45 of 1st period - Icing by Cal Clutterbuck.
5:46 of 1st period - Jeff Carter wins face-off versus Antoine Vermette in Sharks zone.
5:47 of 1st period - Wrist shot by Jakub Voracek.
5:47 of 1st period - Stopped by Brent Krahn with a rebound.
6:58 of 1st period - Off-side.
6:59 of 1st period - Chris Kreider wins face-off versus T.J. Hensick in neutral zone.
7:07 of 1st period - Wrist shot by Chris Kreider.
7:07 of 1st period - Deflect By Jakub Voracek.
7:07 of 1st period - Stopped by Brent Krahn with a rebound.
7:09 of 1st period - Snap shot by Chris Kreider.
7:09 of 1st period - Goal by Chris Kreider - Sharks : 0 - Flyers : 2.
7:10 of 1st period - Kyle Wellwood wins face-off versus David Legwand in neutral zone.
7:13 of 1st period - Wrist shot by Kyle Wellwood.
7:13 of 1st period - Shot Misses the Net.
7:36 of 1st period - Minor Penalty to Cal Clutterbuck for Hooking.
7:37 of 1st period - T.J. Hensick wins face-off versus Jeff Carter in Sharks zone.
7:52 of 1st period - Snap shot by Chris Kreider.
7:52 of 1st period - Stopped by Brent Krahn without a rebound.
7:53 of 1st period - Jeff Carter wins face-off versus T.J. Hensick in Sharks zone.
8:28 of 1st period - Wrist shot by Wayne Simmonds.
8:28 of 1st period - Stopped by Brent Krahn with a rebound.
9:04 of 1st period - Jonathan Ericsson is hit by Kevin Shattenkirk and loses puck.
9:21 of 1st period - Snap shot by Jakub Voracek.
9:21 of 1st period - Stopped by Brent Krahn without a rebound.
9:22 of 1st period - T.J. Hensick wins face-off versus Jeff Carter in Sharks zone.
9:36 of 1st period - Penalty to Cal Clutterbuck is over, Cal Clutterbuck is back on ice.
10:46 of 1st period - Wrist shot by Jakub Voracek.
10:46 of 1st period - Shot Misses the Net.
10:48 of 1st period - Wrist shot by Chris Kreider.
10:48 of 1st period - Shot Blocked by Andrej Sekera.
10:50 of 1st period - Slapshot by Jeff Woywitka.
10:50 of 1st period - Stopped by Brent Krahn without a rebound.
10:51 of 1st period - David Legwand wins face-off versus Kyle Wellwood in Sharks zone.
11:06 of 1st period - Derek Boogaard is hit by Dany Heatley and loses puck.
11:29 of 1st period - Kevin Shattenkirk is hit by Jonathan Ericsson and loses puck.
11:46 of 1st period - Wrist shot by Matt Smaby.
11:46 of 1st period - Shot Hit the Post.
11:48 of 1st period - Wrist shot by Matthew Lombardi.
11:48 of 1st period - Shot Misses the Net.
11:50 of 1st period - Snap shot by Rostislav Olesz.
11:50 of 1st period - Goal by Rostislav Olesz - Sharks : 0 - Flyers : 3.
11:51 of 1st period - Kyle Wellwood wins face-off versus David Legwand in neutral zone.
12:00 of 1st period - Slapshot by Wayne Simmonds.
12:00 of 1st period - Shot Misses the Net.
12:16 of 1st period - Mike Green is hit by Alex Killorn and loses puck.
12:22 of 1st period - Off-side.
12:23 of 1st period - David Legwand wins face-off versus Alex Killorn in neutral zone.
12:40 of 1st period - Snap shot by Marcus Kruger.
12:40 of 1st period - Stopped by Brent Krahn without a rebound.
12:41 of 1st period - Kyle Wellwood wins face-off versus Greg Campbell in Sharks zone.
13:06 of 1st period - Mike Green is hit by Jeff Carter and loses puck.
13:33 of 1st period - Antoine Vermette is hit by Jeff Carter and loses puck.
14:00 of 1st period - Wrist shot by Alexei Morozov.
14:00 of 1st period - Stopped by Brent Krahn with a rebound.
14:06 of 1st period - Chris Campoli is hit by Marcus Kruger and loses puck.
14:25 of 1st period - Slapshot by Kyle Wellwood.
14:25 of 1st period - Shot Misses the Net.
14:43 of 1st period - Wrist shot by Jeff Woywitka.
14:43 of 1st period - Shot Blocked by Andrej Sekera.
14:45 of 1st period - Slapshot by Cam Fowler.
14:45 of 1st period - Deflect By Andrej Sekera.
14:45 of 1st period - Stopped by Brent Krahn with a rebound.
14:59 of 1st period - Mark Streit is hit by Marcus Kruger and loses puck.
15:16 of 1st period - Snap shot by T.J. Hensick.
15:16 of 1st period - Stopped by Steve Mason without a rebound.
15:17 of 1st period - Jeff Carter wins face-off versus T.J. Hensick in Flyers zone.
15:51 of 1st period - Snap shot by Brad Boyes.
15:51 of 1st period - Stopped by Steve Mason without a rebound.
15:52 of 1st period - Greg Campbell wins face-off versus Jeff Carter in Flyers zone.
16:05 of 1st period - Snap shot by Patrick O'Sullivan.
16:05 of 1st period - Shot Blocked by Jeff Carter.
16:07 of 1st period - Slapshot by Boris Valabik.
16:07 of 1st period - Shot Blocked by Jeff Carter.
16:35 of 1st period - Snap shot by Jeff Carter.
16:35 of 1st period - Goal by Jeff Carter - Sharks : 0 - Flyers : 4.
16:35 of 1st period - Frederik Andersen enters game.
16:36 of 1st period - David Legwand wins face-off versus Wayne Simmonds in neutral zone.
16:43 of 1st period - Slapshot by Dany Heatley.
16:43 of 1st period - Shot Misses the Net.
16:45 of 1st period - Slapshot by Jeff Woywitka.
16:45 of 1st period - Deflect By Kyle Wellwood.
16:45 of 1st period - Goal by Kyle Wellwood - Sharks : 0 - Flyers : 5.
16:46 of 1st period - Brad Boyes wins face-off versus Kyle Wellwood in neutral zone.
16:48 of 1st period - Dany Heatley beats up Derek Boogaard.
16:48 of 1st period - Penalty to Dany Heatley for Fighting.
16:48 of 1st period - Penalty to Derek Boogaard for Fighting.
16:49 of 1st period - David Legwand wins face-off versus Kyle Wellwood in Flyers zone.
16:50 of 1st period - Wrist shot by Brad Boyes.
16:50 of 1st period - Shot Blocked by Jeff Woywitka.
16:52 of 1st period - Wrist shot by Brad Boyes.
16:52 of 1st period - Shot Misses the Net.
16:54 of 1st period - Slapshot by Mike Green.
16:54 of 1st period - Shot Misses the Net.
16:56 of 1st period - Snap shot by Greg Campbell.
16:56 of 1st period - Shot Misses the Net.
17:10 of 1st period - Minor Penalty to Kyle Wellwood for Cross-checking.
17:11 of 1st period - Matthew Lombardi wins face-off versus David Legwand in Flyers zone.
17:43 of 1st period - Wrist shot by Cal Clutterbuck.
17:43 of 1st period - Deflect By Antoine Vermette.
17:43 of 1st period - Stopped by Steve Mason with a rebound.
17:45 of 1st period - Slapshot by Chris Campoli.
17:45 of 1st period - Goal by Chris Campoli - Sharks : 1 - Flyers : 5.
17:46 of 1st period - Kyle Wellwood wins face-off versus David Legwand in neutral zone.
18:01 of 1st period - Snap shot by Brad Boyes.
18:01 of 1st period - Shot Misses the Net.
18:58 of 1st period - Jakub Voracek is hit by Oskar Osala and loses puck.
19:25 of 1st period - Rostislav Olesz is hit by Cal Clutterbuck and loses puck.
Goals for this period are 1 for Sharks vs 5 for Flyers.
Shots for this period are 7 for Sharks vs 14 for Flyers.
2nd period
0:01 of 2nd period - Jeff Carter wins face-off versus David Legwand in neutral zone.
0:22 of 2nd period - Minor Penalty to Brad Boyes for Slashing.
0:23 of 2nd period - Jeff Carter wins face-off versus T.J. Hensick in Sharks zone.
1:48 of 2nd period - Penalty to Derek Boogaard is over, Derek Boogaard is back on ice.
1:56 of 2nd period - Snap shot by Derek Boogaard.
1:56 of 2nd period - Stopped by Steve Mason without a rebound.
1:57 of 2nd period - Dany Heatley wins face-off versus T.J. Hensick in Flyers zone.
2:22 of 2nd period - Penalty to Brad Boyes is over, Brad Boyes is back on ice.
2:24 of 2nd period - Slapshot by Kevin Shattenkirk.
2:24 of 2nd period - Goal by Kevin Shattenkirk - Sharks : 2 - Flyers : 5.
2:25 of 2nd period - Kyle Wellwood wins face-off versus David Legwand in neutral zone.
2:34 of 2nd period - Snap shot by Kyle Wellwood.
2:34 of 2nd period - Stopped by Frederik Andersen without a rebound.
2:35 of 2nd period - Kyle Wellwood wins face-off versus David Legwand in Sharks zone.
2:52 of 2nd period - Jeff Woywitka is hit by Brad Boyes.
2:53 of 2nd period - Jeff Woywitka from Flyers is injured at 2:53 of 2nd period (Left Forearm).
2:54 of 2nd period - David Legwand wins face-off versus Jeff Carter in Flyers zone.
2:55 of 2nd period - Snap shot by Derek Boogaard.
2:55 of 2nd period - Stopped by Steve Mason without a rebound.
2:56 of 2nd period - Jeff Carter wins face-off versus Derek Boogaard in Flyers zone.
2:56 of 2nd period - Jeff Carter is hit by Mike Green.
5:12 of 2nd period - Slapshot by Cal Clutterbuck.
5:12 of 2nd period - Stopped by Steve Mason without a rebound.
5:13 of 2nd period - Jeff Carter wins face-off versus Brad Boyes in Flyers zone.
5:24 of 2nd period - David Legwand is hit by Chris Kreider and loses puck.
5:39 of 2nd period - Cal Clutterbuck is hit by Wayne Simmonds and loses puck.
5:59 of 2nd period - Off-side.
6:00 of 2nd period - Greg Campbell wins face-off versus Marcus Kruger in neutral zone.
6:14 of 2nd period - Erik Cole is hit by Matt Smaby and loses puck.
6:49 of 2nd period - Wrist shot by Greg Campbell.
6:49 of 2nd period - Stopped by Steve Mason with a rebound.
6:51 of 2nd period - Slapshot by Andrej Sekera.
6:51 of 2nd period - Deflect By Greg Campbell.
6:51 of 2nd period - Shot Blocked by Jonathan Ericsson.
6:51 of 2nd period - Puck is out of play.
6:52 of 2nd period - Chris Kreider wins face-off versus David Legwand in Flyers zone.
7:04 of 2nd period - Slapshot by Kevin Shattenkirk.
7:04 of 2nd period - Stopped by Steve Mason with a rebound.
7:25 of 2nd period - Snap shot by Oskar Osala.
7:25 of 2nd period - Stopped by Steve Mason with a rebound.
7:27 of 2nd period - Wrist shot by Oskar Osala.
7:27 of 2nd period - Stopped by Steve Mason without a rebound.
7:28 of 2nd period - David Legwand wins face-off versus Kyle Wellwood in Flyers zone.
7:29 of 2nd period - Wrist shot by Derek Boogaard.
7:29 of 2nd period - Shot Misses the Net.
7:31 of 2nd period - Wrist shot by Brad Boyes.
7:31 of 2nd period - Stopped by Steve Mason with a rebound.
7:33 of 2nd period - Slapshot by Boris Valabik.
7:33 of 2nd period - Stopped by Steve Mason with a rebound.
7:35 of 2nd period - Wrist shot by David Legwand.
7:35 of 2nd period - Stopped by Steve Mason with a rebound.
7:37 of 2nd period - Slapshot by Boris Valabik.
7:37 of 2nd period - Stopped by Steve Mason without a rebound.
7:38 of 2nd period - David Legwand wins face-off versus Dany Heatley in Flyers zone.
7:53 of 2nd period - Dany Heatley is hit by David Legwand and loses puck.
7:58 of 2nd period - Snap shot by Derek Boogaard.
7:58 of 2nd period - Deflect By Brad Boyes.
7:58 of 2nd period - Stopped by Steve Mason without a rebound.
7:59 of 2nd period - Antoine Vermette wins face-off versus Jeff Carter in Flyers zone.
8:02 of 2nd period - Snap shot by Cal Clutterbuck.
8:02 of 2nd period - Shot Blocked by Jonathan Ericsson.
8:06 of 2nd period - Slapshot by Kevin Shattenkirk.
8:06 of 2nd period - Shot Misses the Net.
8:08 of 2nd period - Slapshot by Ryane Clowe.
8:08 of 2nd period - Shot Misses the Net.
8:10 of 2nd period - Backhand shot by Mike Green.
8:10 of 2nd period - Stopped by Steve Mason with a rebound.
8:12 of 2nd period - Snap shot by Ryane Clowe.
8:12 of 2nd period - Stopped by Steve Mason with a rebound.
8:57 of 2nd period - Snap shot by Oskar Osala.
8:57 of 2nd period - Shot Misses the Net.
9:13 of 2nd period - Andrej Sekera is hit by Rostislav Olesz and loses puck.
9:20 of 2nd period - Snap shot by Matthew Lombardi.
9:20 of 2nd period - Shot Blocked by Andrej Sekera.
9:22 of 2nd period - Wrist shot by Victor Bartley.
9:22 of 2nd period - Stopped by Frederik Andersen without a rebound.
9:23 of 2nd period - Jeff Carter wins face-off versus David Legwand in Sharks zone.
9:31 of 2nd period - Off-side.
9:32 of 2nd period - David Legwand wins face-off versus Jeff Carter in neutral zone.
9:35 of 2nd period - Jeff Carter is hit by Kevin Shattenkirk and loses puck.
9:57 of 2nd period - Minor Penalty to Jeff Carter for Tripping.
9:58 of 2nd period - Matthew Lombardi wins face-off versus David Legwand in Flyers zone.
10:35 of 2nd period - Boris Valabik is hit by Wayne Simmonds and loses puck.
10:42 of 2nd period - Snap shot by Wayne Simmonds.
10:42 of 2nd period - Stopped by Frederik Andersen with a rebound.
11:17 of 2nd period - Matthew Lombardi is hit by Mike Green and loses puck.
11:57 of 2nd period - Penalty to Jeff Carter is over, Jeff Carter is back on ice.
12:01 of 2nd period - Off-side.
12:02 of 2nd period - Kyle Wellwood wins face-off versus Greg Campbell in neutral zone.
12:18 of 2nd period - Greg Campbell is hit by Jonathan Ericsson and loses puck.
12:29 of 2nd period - Jakub Voracek is hit by T.J. Hensick and loses puck.
12:57 of 2nd period - Antoine Vermette is hit by Marcus Kruger and loses puck.
13:14 of 2nd period - Wrist shot by Derek Boogaard.
13:14 of 2nd period - Deflect By David Legwand.
13:14 of 2nd period - Stopped by Steve Mason without a rebound.
13:15 of 2nd period - Jeff Carter wins face-off versus David Legwand in Flyers zone.
14:27 of 2nd period - Stephane Robidas is hit by Boris Valabik.
14:31 of 2nd period - Derek Boogaard is hit by Chris Kreider and loses puck.
15:23 of 2nd period - Greg Campbell is hit by Jonathan Ericsson and loses puck.
15:28 of 2nd period - Snap shot by Rostislav Olesz.
15:28 of 2nd period - Stopped by Frederik Andersen with a rebound.
15:30 of 2nd period - Slapshot by Jonathan Ericsson.
15:30 of 2nd period - Deflect By Matthew Lombardi.
15:30 of 2nd period - Goal by Matthew Lombardi - Sharks : 2 - Flyers : 6.
15:31 of 2nd period - David Legwand wins face-off versus Jeff Carter in neutral zone.
15:38 of 2nd period - Slapshot by Jakub Voracek.
15:38 of 2nd period - Goal by Jakub Voracek - Sharks : 2 - Flyers : 7.
15:39 of 2nd period - Kyle Wellwood wins face-off versus David Legwand in neutral zone.
16:04 of 2nd period - Mike Green is hit by Matt Smaby and loses puck.
16:13 of 2nd period - Snap shot by Jakub Voracek.
16:13 of 2nd period - Shot Blocked by Kevin Shattenkirk.
16:15 of 2nd period - Slapshot by Cam Fowler.
16:15 of 2nd period - Deflect By Jeff Carter.
16:15 of 2nd period - Shot Misses the Net.
16:15 of 2nd period - Puck is out of play.
16:16 of 2nd period - David Legwand wins face-off versus Jeff Carter in Sharks zone.
16:25 of 2nd period - Wrist shot by Derek Boogaard.
16:25 of 2nd period - Stopped by Steve Mason with a rebound.
16:41 of 2nd period - Snap shot by Greg Campbell.
16:41 of 2nd period - Stopped by Steve Mason with a rebound.
17:17 of 2nd period - Snap shot by Dany Heatley.
17:17 of 2nd period - Shot Misses the Net.
18:10 of 2nd period - Slapshot by Kyle Wellwood.
18:10 of 2nd period - Shot Misses the Net.
18:12 of 2nd period - Snap shot by Dany Heatley.
18:12 of 2nd period - Shot Blocked by Antoine Vermette.
18:14 of 2nd period - Slapshot by Stephane Robidas.
18:14 of 2nd period - Stopped by Frederik Andersen without a rebound.
18:15 of 2nd period - David Legwand wins face-off versus Marcus Kruger in Sharks zone.
18:31 of 2nd period - Boris Valabik is hit by Alex Killorn and loses puck.
18:57 of 2nd period - Icing by Jeff Carter.
18:58 of 2nd period - Antoine Vermette wins face-off versus Jeff Carter in Flyers zone.
18:59 of 2nd period - Wrist shot by Kevin Shattenkirk.
18:59 of 2nd period - Shot Misses the Net.
19:11 of 2nd period - Wrist shot by Cal Clutterbuck.
19:11 of 2nd period - Shot Misses the Net.
19:46 of 2nd period - Slapshot by Jeff Carter.
19:46 of 2nd period - Goal by Jeff Carter - Sharks : 2 - Flyers : 8.
19:46 of 2nd period - Brent Krahn enters game.
19:47 of 2nd period - Dany Heatley wins face-off versus David Legwand in neutral zone.
Goals for this period are 1 for Sharks vs 3 for Flyers.
Shots for this period are 18 for Sharks vs 8 for Flyers.
3rd period
0:01 of 3rd period - David Legwand wins face-off versus Kyle Wellwood in neutral zone.
0:11 of 3rd period - Jonathan Ericsson beats up Mike Green.
0:11 of 3rd period - Penalty to Jonathan Ericsson for Fighting.
0:11 of 3rd period - Penalty to Mike Green for Fighting.
0:11 of 3rd period - Penalty to Jonathan Ericsson for instigated a fight.
0:11 of 3rd period - Penalty to Jonathan Ericsson for instigated a fight.
0:12 of 3rd period - David Legwand wins face-off versus Matthew Lombardi in Flyers zone.
0:19 of 3rd period - Snap shot by Kevin Shattenkirk.
0:19 of 3rd period - Shot Blocked by Cam Fowler.
0:21 of 3rd period - Wrist shot by Brad Boyes.
0:21 of 3rd period - Shot Blocked by Matt Smaby.
0:23 of 3rd period - Snap shot by David Legwand.
0:23 of 3rd period - Shot Misses the Net.
0:25 of 3rd period - Slapshot by Kevin Shattenkirk.
0:25 of 3rd period - Shot Blocked by Cam Fowler.
0:27 of 3rd period - Slapshot by Kevin Shattenkirk.
0:27 of 3rd period - Shot Misses the Net.
0:53 of 3rd period - Ryane Clowe is hit by Kyle Wellwood and loses puck.
1:08 of 3rd period - Minor Penalty to Derek Boogaard for Holding.
1:09 of 3rd period - Brad Boyes wins face-off versus Jeff Carter in Sharks zone.
1:14 of 3rd period - Slapshot by Brad Boyes.
1:14 of 3rd period - Stopped by Steve Mason with a rebound.
1:46 of 3rd period - Jeff Carter is hit by David Legwand.
2:05 of 3rd period - Antoine Vermette is hit by Kyle Wellwood and loses puck.
2:11 of 3rd period - Penalty to Jonathan Ericsson is over, Wayne Simmonds is send on ice.
3:01 of 3rd period - Kevin Shattenkirk is hit by Rostislav Olesz and loses puck.
3:08 of 3rd period - Penalty to Derek Boogaard is over, Derek Boogaard is back on ice.
3:38 of 3rd period - Stefan Ruzicka is hit by David Legwand.
3:50 of 3rd period - Snap shot by Antoine Vermette.
3:50 of 3rd period - Deflect By Ryane Clowe.
3:50 of 3rd period - Stopped by Steve Mason without a rebound.
3:51 of 3rd period - Kyle Wellwood wins face-off versus Antoine Vermette in Flyers zone.
3:58 of 3rd period - Antoine Vermette is hit by Kyle Wellwood and loses puck.
4:11 of 3rd period - Kevin Shattenkirk is hit by Alex Killorn and loses puck.
4:20 of 3rd period - Marcus Kruger is hit by Antoine Vermette and loses puck.
5:24 of 3rd period - Greg Campbell is hit by Wayne Simmonds and loses puck.
6:36 of 3rd period - Kevin Shattenkirk is hit by Stephane Robidas and loses puck.
6:55 of 3rd period - Marcus Kruger is hit by Greg Campbell and loses puck.
8:06 of 3rd period - Icing by Matt Smaby.
8:07 of 3rd period - Antoine Vermette wins face-off versus Matthew Lombardi in Flyers zone.
8:10 of 3rd period - Snap shot by Cal Clutterbuck.
8:10 of 3rd period - Shot Misses the Net.
8:26 of 3rd period - Stephane Robidas is hit by Derek Boogaard and loses puck.
8:34 of 3rd period - Minor Penalty to Brad Boyes for Interference.
8:35 of 3rd period - T.J. Hensick wins face-off versus Jeff Carter in Sharks zone.
10:34 of 3rd period - Penalty to Brad Boyes is over, Brad Boyes is back on ice.
11:12 of 3rd period - Alexei Morozov is hit by Erik Cole and loses puck.
11:28 of 3rd period - Icing by Matthew Lombardi.
11:29 of 3rd period - Rostislav Olesz wins face-off versus Oskar Osala in Flyers zone.
11:34 of 3rd period - Kevin Shattenkirk is hit by Rostislav Olesz.
11:48 of 3rd period - Nick Palmieri is hit by Stephane Robidas and loses puck.
12:02 of 3rd period - Minor Penalty to Stephane Robidas for Tripping.
12:03 of 3rd period - Rostislav Olesz wins face-off versus David Legwand in Flyers zone.
14:02 of 3rd period - Penalty to Stephane Robidas is over, Stephane Robidas is back on ice.
14:04 of 3rd period - Chris Kreider is hit by Greg Campbell and loses puck.
15:11 of 3rd period - 10 Minutes Misconduct Penalty to Jonathan Ericsson is over.
15:25 of 3rd period - Derek Boogaard is hit by Matthew Lombardi and loses puck.
15:55 of 3rd period - Icing by Derek Boogaard.
15:56 of 3rd period - Matthew Lombardi wins face-off versus Greg Campbell in Sharks zone.
15:59 of 3rd period - Snap shot by Matthew Lombardi.
15:59 of 3rd period - Shot Misses the Net.
16:01 of 3rd period - Snap shot by Matthew Lombardi.
16:01 of 3rd period - Shot Misses the Net.
17:07 of 3rd period - Snap shot by Nick Palmieri.
17:07 of 3rd period - Shot Misses the Net.
17:09 of 3rd period - Slapshot by Kevin Shattenkirk.
17:09 of 3rd period - Shot Hit the Post.
17:46 of 3rd period - Minor Penalty to Mark Streit for Tripping.
17:47 of 3rd period - T.J. Hensick wins face-off versus Jeff Carter in Sharks zone.
17:47 of 3rd period - T.J. Hensick is hit by Jeff Carter.
18:01 of 3rd period - Kevin Shattenkirk is hit by Stephane Robidas and loses puck.
18:46 of 3rd period - Erik Cole is hit by Jeff Carter and loses puck.
19:17 of 3rd period - Wrist shot by Chris Kreider.
19:17 of 3rd period - Shot Misses the Net.
19:19 of 3rd period - Slapshot by Jonathan Ericsson.
19:19 of 3rd period - Deflect By Jeff Carter.
19:19 of 3rd period - Stopped by Brent Krahn without a rebound.
19:20 of 3rd period - Kyle Wellwood wins face-off versus Greg Campbell in Sharks zone.
19:46 of 3rd period - Penalty to Mark Streit is over, Mark Streit is back on ice.
19:50 of 3rd period - Matt Smaby is hit by T.J. Hensick and loses puck.
19:59 of 3rd period - Snap shot by Mark Streit.
19:59 of 3rd period - Shot Misses the Net.
Goals for this period are 0 for Sharks vs 0 for Flyers.
Shots for this period are 2 for Sharks vs 1 for Flyers.
Back to the Top